 Dungeon Crawl Stone Soup version 0.18.1-48-g4cf74bf (webtiles) character file.

217 Elystan the Chucker (level 5, -2/50 HPs)
             Began as a Troll Hunter on Aug 8, 2016.
             Killed by divine providence
             ... invoked by an orc priest
              (12 damage)
             ... on level 3 of the Dungeon.
             The game lasted 00:04:30 (2089 turns).

Elystan the Chucker (Troll Hunter)                  Turns: 2089, Time: 00:04:30

Health: -2/50      AC:  5    Str: 20    XL:     5   Next: 62%
Magic:  4/4        EV: 10    Int:  8    God:
Gold:   189        SH:  0    Dex: 10    Spells: 0 memorised, 4 levels left

rFire  . . .     SeeInvis .       - Unarmed
rCold  . . .     Gourm    +     b - +0 robe
rNeg   . . .     Faith    .     (no shield)
rPois  .         Spirit   .     (helmet restricted)
rElec  .         Dismiss  .     (no cloak)
rCorr  .         Reflect  .     (gloves unavailable)
SustAt .         Harm     .     (boots unavailable)
MR     .....                    (no amulet)
Stlth  +.........               (no ring)
                                (no ring)

@: not resistant to hostile enchantments, very unstealthy
A: unfitting armour, claws 3, fast metabolism 3, gourmand, regeneration 2,
shaggy fur 1, tough skin 2
a: no special abilities


You were on level 3 of the Dungeon.
You were very full.

You visited 1 branch of the dungeon, and saw 3 of its levels.

You collected 189 gold pieces.

Inventory:

Missiles
 c - 5 large rocks (quivered)
 d - 2 throwing nets
Armour
 b - a +0 robe (worn)
Scrolls
 h - 3 scrolls of identify {unknown}
 i - a scroll of random uselessness {unknown}
 j - a scroll of enchant armour {unknown}
 k - 4 scrolls of remove curse {unknown}
 l - a scroll of enchant weapon {unknown}
 t - a scroll of magic mapping {unknown}
Potions
 a - a potion of cancellation {unknown}
 e - a potion of ambrosia {unknown}
 g - 2 potions of degeneration {unknown}
 m - 3 potions of brilliance {unknown}
 n - a potion of magic {unknown}
 r - 3 potions of mutation {unknown}
 s - a potion of curing {unknown}
Comestibles
 f - 4 bread rations
 o - 5 fruits
 q - 2 meat rations


   Skills:
 + Level 2.6 Fighting
 + Level 4.4 Throwing
 + Level 2.9 Dodging
 + Level 0.9 Stealth
 + Level 2.0 Unarmed Combat


You had 4 spell levels left.
You didn't know any spells.

Dungeon Overview and Level Annotations

Branches:
Dungeon (3/15)

Altars:


Innate Abilities, Weirdness & Mutations

You are too large for most types of armour.
You have claws for hands.
Your metabolism is lightning-fast.
You like to eat raw meat.
You heal very quickly.
You are covered in fur (AC +1).
You have very tough skin (AC +2).


Message History

The orc priest calls down the wrath of Beogh upon you.
Beogh smites you!
You closely miss the orc priest.
The orc priest is heavily wounded.
The orc priest invokes the aid of Beogh against you.
Beogh smites you! The orc priest barely misses you.
You scratch the orc priest.
The orc priest is severely wounded.
The orc priest hits you with a dagger.
You barely miss the orc priest.
The orc priest is severely wounded.
The orc priest calls down the wrath of Beogh upon you.
Pain shoots through your body!
* * * LOW HITPOINT WARNING * * *
You claw the orc priest!
You kill the orc priest!
Your Unarmed Combat skill increases to level 2!
The orc priest invokes the aid of Beogh against you.
Beogh smites you!
You die...

#.# #.# ############
#.# #..........### #.#
#..........##.
#####.###......(...##.
#.......'.............
###.#.###..........###
#.# #..........# #@#
#..........# #)#
#..........# #o#
#..........# #o#
############ #%# #.#
#.# #.#


You could see an orc priest and an orc.

Vanquished Creatures
  The ghost of bunjiquo the Cudgeler, an amateur GrGl of Ru (D:3)
  An orc priest (D:3)
  An orc wizard (D:3)
  3 adders
  A worm (D:2)
  3 giant geckos
  5 orcs (D:3)
  5 bats
  2 giant cockroaches
  4 goblins
  4 hobgoblins
  6 jackals (D:2)
  6 kobolds
  2 quokkas (D:2)
  A ball python (D:3)
  A giant newt (D:3)
  6 rats
52 creatures vanquished.

Notes
Turn   | Place    | Note
--------------------------------------------------------------
     0 | D:1      | Elystan the Troll Hunter began the quest for the Orb.
     0 | D:1      | Reached XP level 1. HP: 19/19 MP: 0/0
   251 | D:1      | Reached XP level 2. HP: 25/27 MP: 1/1
   329 | D:1      | Reached skill level 4 in Throwing
   894 | D:2      | Reached XP level 3. HP: 30/33 MP: 2/2
  1642 | D:3      | Reached XP level 4. HP: 41/42 MP: 3/3
  1671 | D:3      | Reached skill level 1 in Unarmed Combat
  2018 | D:3      | Noticed bunjiquo's ghost (amateur GrGl)
  2035 | D:3      | Killed bunjiquo's ghost
  2035 | D:3      | Reached XP level 5. HP: 42/50 MP: 4/4
  2089 | D:3      | Killed from afar by an orc priest

Skill      XL: |  1  2  3  4  5 |
---------------+----------------+-----
Throwing       | 4 |  4.4
Dodging        | 2 |  2.9
Unarmed Combat | 1 2 |  2.0
Fighting       | 2 |  2.6
Stealth        | |  0.9

Action                   |  1- 3 |  4- 6 || total
-------------------------+-------+-------++-------
Melee: Unarmed           |   113 |    54 ||   167
       Punch             |       |     1 ||     1
Throw: Large rock        |       |     3 ||     3
 Stab: Sleeping          |     1 |       ||     1
  Eat: Chunk             |    20 |     3 ||    23
Armor: Robe              |    36 |    11 ||    47
Dodge: Dodged            |    62 |    21 ||    83
